 Dungeon Crawl Stone Soup version 0.31-a0-232-gb1c03b2570 (webtiles) character file.

Game seed: 3964561821340206797

107 qw the Shooter (level 4, -6/36 HPs)
             Began as a Minotaur Hexslinger on July 7, 2023.
             Killed by divine providence
             ... invoked by an orc priest
              (11 damage)
             ... on level 3 of the Dungeon.
             The game lasted 00:00:47 (1977 turns).

qw the Shooter (Minotaur Hexslinger)                Turns: 1977, Time: 00:00:48

Health: -6/36      AC:  7    Str: 13    XL:     4   Next: 56%
Magic:  13/13      EV: 11    Int: 10    God:
Gold:   131        SH:  0    Dex: 14    Spells: 4/5 levels left

rFire   . . .        Y - +1 sling (elec)
rCold   + . .        (no shield)
rNeg    + . .        f - +0 ring mail
rPois   .            (helmet restricted)
rElec   .            (no cloak)
rCorr   .            a - +1 pair of gloves "Aheymix" {rC+ rN+ MP+9}
SInv    .            (no boots)
Will    .....        (no amulet)
Stlth   +            (no ring)
HPRegen 0.26/turn    (no ring)
MPRegen 0.13/turn

%: no passive effects
@: no status effects
A: horns 2, retaliatory headbutt
a: no special abilities


You were on level 3 of the Dungeon.
You visited 1 branch of the dungeon, and saw 3 of its levels.

You collected 131 gold pieces.


Innate Abilities, Weirdness & Mutations

You have a pair of horns on your head.
You reflexively headbutt those who attack you in melee.


   Skills:
 + Level 2.0 Fighting
 - Level 5.0 Ranged Weapons
 - Level 1.0 Armour
 - Level 2.1 Dodging
 - Level 1.0 Spellcasting
 - Level 2.0 Hexes


You had 4 spell levels left.
You knew the following spells:

 Your Spells              Type           Power      Damage    Failure   Level
a - Slow                  Hex            16%        N/A       32%         1

Your spell library contained the following spells:

 Spells                   Type           Power      Damage    Failure   Level
 Inner Flame              Hex/Fire       2%         N/A       82%         3
 Portal Projectile        Hex/Tloc       4%         N/A       82%         3
 Cause Fear               Hex            2%         N/A       97%         4

Inventory:

Hand Weapons
 Y - a +1 sling of electrocution (weapon)
Armour
 a - the +1 pair of gloves "Aheymix" (worn) {rC+ rN+ MP+9}
   (You found it on level 2 of the Dungeon)

   rC:        It protects you from cold.
   rN:        It protects you from negative energy.
   MP:        It affects your magic capacity (+9).
 f - a +0 ring mail (worn)
 k - a +0 pair of boots
Scrolls
 b - 4 scrolls of identify
 c - a scroll of enchant armour {unknown}
Potions
 d - a potion of magic {unknown}
 e - a potion of brilliance {unknown}
 g - a potion of curing
 h - a potion of ambrosia {unknown}
 i - a potion of lignification {unknown}
 j - a potion of might {unknown}

Dungeon Overview and Level Annotations

Branches:
Dungeon (3/15)

Altars:


Message History

An orc priest, 2 orcs and 2 orc wizards come into view.
The orc priest shouts!
The orc shouts! x2; The orc wizard shouts!
The orc wizard mumbles some strange words.
The orc wizard flickers and vanishes!
Deactivating autopickup; reactivate with Ctrl-A.
Found 52 gold pieces.
Found a roughly hewn altar of Beogh.
Enter note:
Enter note:
Enter note:
Enter note:
Enter note:
Enter note:
Enter note:
Enter note:
Enter note: You shoot a sling bullet.
The sling bullet hits the orc wizard but does no damage.
Lightning courses through the orc wizard!
You kill the orc wizard!
You shoot a sling bullet.
The sling bullet closely misses the orc.
The orc priest mumbles some strange prayers to Beogh against you.
Beogh smites you!
You hear some strange, mumbled words.
Something tries to affect you, but you resist.
You shoot a sling bullet. The sling bullet hits the orc.
You kill the orc!
Your Ranged Weapons skill increases to level 5!
You shoot a sling bullet.
The sling bullet hits the orc priest but does no damage.
You shoot a sling bullet.
The sling bullet hits the orc priest but does no damage.
You shoot a sling bullet.
The sling bullet hits the orc priest but does no damage.
Something hits you.
The orc priest calls down the wrath of Beogh upon you.
Beogh smites you! Something hits you.
The orc priest calls down the wrath of Beogh upon you.
Beogh smites you!
You die...

...## ..# ##..
....##########.##...
............<#.#..# #
####..########.#.##.#
##.####..........#
#..##.........# ###
##.##..###..###.$$##
#.....#.#...#.8.8.#
####..#.#..@oo.$._#
#........#.8$8.#
#........##.$.##
#.........# ###
#.....##### #.....#
#.(..># #....##
#########....#


You could see an orc priest and an orc.

Vanquished Creatures
  An orc wizard (D:3)
  2 adders
  A worm (D:2)
  An orc (D:3)
  4 endoplasms
  4 giant cockroaches
  6 hobgoblins
  5 jackals
  4 kobolds
  5 quokkas
  4 ball pythons
  11 bats
  A frilled lizard (D:2)
  2 goblins (D:1)
  4 rats
55 creatures vanquished.

Notes
Turn   | Place    | Note
-------+----------+-------------------------------------------
     0 | D:1      | qw the Minotaur Hexslinger began the quest for the Orb.
     0 | D:1      | Reached XP level 1. HP: 16/16 MP: 1/1
     0 | D:1      | 0 ||| qw: Version: 0.3-a-46-gb1f654a
     0 | D:1      | 0 ||| qw: Game counter: 2757
     0 | D:1      | 0 ||| qw: Melee chars always use a shield: true
     0 | D:1      | 0 ||| qw: God list: Okawaru
     0 | D:1      | 0 ||| qw: Allow faded altars: false
     0 | D:1      | 0 ||| qw: Do Orc after clearing Dungeon:15 true
     0 | D:1      | 0 ||| qw: Do second Lair branch before Depths: true
     0 | D:1      | 0 ||| qw: Lair rune preference: random
     0 | D:1      | 0 ||| qw: Goals: Normal
     0 | D:1      | 0 ||| PLANNING D:1-11
   142 | D:1      | Reached skill level 3 in Ranged Weapons
   148 | D:1      | Reached XP level 2. HP: 23/23 MP: 2/2
   155 | D:1      | 155 ||| FLEEEEING.
   156 | D:1      | 156 ||| FLEEEEING.
   157 | D:1      | 157 ||| FLEEEEING.
   158 | D:1      | 158 ||| FLEEEEING.
   159 | D:1      | 159 ||| FLEEEEING.
   160 | D:1      | 160 ||| FLEEEEING.
   161 | D:1      | 161 ||| FLEEEEING.
   162 | D:1      | 162 ||| FLEEEEING.
   163 | D:1      | 163 ||| FLEEEEING.
   164 | D:1      | 164 ||| FLEEEEING.
   165 | D:1      | 165 ||| FLEEEEING.
   166 | D:1      | 166 ||| FLEEEEING.
   167 | D:1      | 167 ||| FLEEEEING.
   168 | D:1      | 168 ||| FLEEEEING.
   169 | D:1      | 169 ||| FLEEEEING.
   170 | D:1      | 170 ||| FLEEEEING.
   171 | D:1      | 171 ||| FLEEEEING.
   172 | D:1      | 172 ||| FLEEEEING.
   173 | D:1      | 173 ||| FLEEEEING.
   174 | D:1      | 174 ||| FLEEEEING.
   175 | D:1      | 175 ||| FLEEEEING.
   176 | D:1      | 176 ||| FLEEEEING.
   177 | D:1      | 177 ||| FLEEEEING.
   178 | D:1      | 178 ||| FLEEEEING.
   179 | D:1      | 179 ||| FLEEEEING.
   180 | D:1      | 180 ||| FLEEEEING.
   181 | D:1      | 181 ||| FLEEEEING.
   183 | D:1      | 183 ||| FLEEEEING.
   184 | D:1      | 184 ||| FLEEEEING.
   185 | D:1      | 185 ||| FLEEEEING.
   186 | D:1      | 186 ||| FLEEEEING.
   187 | D:1      | 187 ||| FLEEEEING.
   188 | D:1      | 188 ||| FLEEEEING.
   190 | D:1      | 190 ||| FLEEEEING.
   191 | D:1      | 191 ||| FLEEEEING.
   192 | D:1      | 192 ||| FLEEEEING.
   193 | D:1      | 193 ||| FLEEEEING.
   194 | D:1      | 194 ||| FLEEEEING.
   195 | D:1      | 195 ||| FLEEEEING.
   196 | D:1      | 196 ||| FLEEEEING.
   197 | D:1      | 197 ||| FLEEEEING.
   198 | D:1      | 198 ||| FLEEEEING.
   199 | D:1      | 199 ||| FLEEEEING.
   200 | D:1      | 200 ||| FLEEEEING.
   201 | D:1      | 201 ||| FLEEEEING.
   202 | D:1      | 202 ||| FLEEEEING.
   496 | D:1      | Reached XP level 3. HP: 29/29 MP: 3/3
   619 | D:1      | Found a faded altar of an unknown god.
   766 | D:1      | 766 ||| UPGRADING to +0 ring mail.
   776 | D:1      | 776 ||| DROPPING +0 robe.
   777 | D:1      | 777 ||| READING scroll labelled YNAGEAVVUE.
   778 | D:1      | 778 ||| DROPPING scroll of poison.
   884 | D:2      | Identified the +1 pair of gloves "Aheymix" {rC+ rN+ MP+9}
   922 | D:2      | Reached skill level 4 in Ranged Weapons
  1089 | D:2      | Reached skill level 1 in Armour
  1457 | D:2      | 1457 ||| UPGRADING to +1 pair of gloves "Aheymix" {rC+ rN+
                  | MP+9}.
  1532 | D:2      | 1532 ||| READING 2 scrolls labelled SIARUA ZUDO.
  1533 | D:2      | 1533 ||| READING scroll labelled ISIODWIDGHI.
  1634 | D:2      | 1634 ||| READING scroll labelled SUITHR BUVA.
  1635 | D:2      | 1635 ||| DRINKING 2 fuming amethyst potions.
  1660 | D:3      | Reached XP level 4. HP: 36/36 MP: 4/4
  1908 | D:3      | Identified the +0 chain mail of the Cicada {Drain Str+7
                  | Dex+3}
  1975 | D:3      | Reached skill level 5 in Ranged Weapons
  1977 | D:3      | HP: 8/36 [orc priest/divine providence (10)]
  1977 | D:3      | Killed from afar by an orc priest

Levels and vault maps discovered:
D:1:      evilmike_arrival_rings, layout_basic, chequers_ecumenical_altar_grove
D:2:      layout_basic
D:3:      layout_basic, grunt_decor_mini_mirrors, kennysheep_orc_chapel

Skill      XL: |  1  2  3  4 |
---------------+-------------+-----
Ranged Weapons | 3 4 5 |  5.0
Fighting       | 2 |  2.0
Armour         | 1 |  1.0
Dodging        | |  2.1
Spellcasting   | |  1.0
Hexes          | |  2.0

Action                     |  1- 3 |  4- 6 || total
---------------------------+-------+-------++-------
   Fire: Sling             |   141 |     8 ||   149
    Use: Scroll            |     4 |       ||     4
         Potion            |     1 |       ||     1
 Armour: Robe              |    12 |       ||    12
         Ring mail         |    14 |       ||    14
  Dodge: Dodged            |    55 |       ||    55

Table legend:
 A = Non-vault XP
 B = Vault XP
 C = Vault XP percentage of total XP
 D = Non-vault monster count
 E = Vault monster count
 F = Vault count percentage of total count
                 A         B        C        D         E       F
            +---------+---------+-------+---------+---------+-------
      Total |     115 |      38 |  24.8 |      53 |       2 |   3.6
            +---------+---------+-------+---------+---------+-------
        D:1 |      51 |       0 |   0.0 |      30 |       0 |   0.0
        D:2 |      45 |       0 |   0.0 |      19 |       0 |   0.0
        D:3 |      19 |      38 |  66.7 |       4 |       2 |  33.3
            +---------+---------+-------+---------+---------+-------
